 Dungeon Crawl Stone Soup version 0.27-a0-906-g0a00ce863d (webtiles) character file.

Game seed: 6556641632447721206

65 Chiseanne the Magician (level 3, 0/24 HPs)
             Began as a Demonspawn Hedge Wizard on Apr 7, 2021.
             Slain by a hornet zombie (12 damage)
             ... on level 2 of the Dungeon.
             The game lasted 00:02:41 (1833 turns).

Chiseanne the Magician (Demonspawn Hedge Wizard)    Turns: 1833, Time: 00:02:42

Health: 0/24       AC:  3    Str: 10    XL:     3   Next: 92%
Magic:  2/8        EV: 12    Int: 16    God:
Gold:   72         SH:  0    Dex: 12    Spells: 3/9 levels left

rFire    . . .     SeeInvis .   a - +0 demon trident
rCold    . . .     Faith    .   (no shield)
rNeg     . . .     Spirit   .   b - +0 robe
rPois    .         Reflect  .   i - +0 helmet
rElec    .         Harm     .   (no cloak)
rCorr    +         Rampage  .   (no gloves)
Will     .....                  (no boots)
Stlth    ++........             e - amulet of regeneration
HPRegen  1.08/turn              d - ring of resist corrosion
MPRegen  0.11/turn              (no ring)

@: no status effects
A: foul stench 1
a: no special abilities


You were on level 2 of the Dungeon.
You visited 1 branch of the dungeon, and saw 2 of its levels.

You collected 72 gold pieces.

Inventory:

Hand Weapons
 a - a +0 demon trident (weapon)
Missiles
 g - 113 stones
 h - 23 arrows
 j - 21 bolts
Armour
 b - a +0 robe (worn)
 c - a +0 tower shield
 i - a +0 helmet (worn)
Jewellery
 d - a ring of resist corrosion (left hand)
 e - an amulet of regeneration (around neck)
Potions
 f - a potion of flight {unknown}


   Skills:
 - Level 1.7 Dodging
 - Level 1.7 Stealth
 - Level 3.5 Spellcasting
 - Level 2.3 Conjurations
 - Level 1.0 Summonings
 - Level 0.8 Translocations
 + Level 1.1 Air Magic
 + Level 1.2 Poison Magic


You had 3 spell levels left.
You knew the following spells:

 Your Spells              Type           Power      Damage    Failure   Level
a - Magic Dart            Conj           40%        1d5       7%          1
b - Blink                 Tloc           N/A        N/A       19%         2
d - Mephitic Cloud        Conj/Pois/Air  7%         N/A       28%         3

Your spell library contained the following spells:

 Spells                   Type           Power      Damage    Failure   Level
 Call Imp                 Summ           6%         N/A       19%         2
 Slow                     Hex            2%         N/A       26%         2
 Conjure Flame            Conj/Fire      6%         6-21      32%         3


Dungeon Overview and Level Annotations

Branches:
Dungeon (2/15)

Altars:


Innate Abilities, Weirdness & Mutations

You may rarely emit foul miasma when damaged in melee.


Message History

Confirm with . or Enter, or press ? or * to list all spells.
Aiming: Magic Dart (safe; 7% risk of failure)
Press: ? - help, Shift-Dir - straight line, f/p - hornet zombie
Aim: a hornet zombie (lightly damaged, 0% to evade)
The magic dart hits the hornet zombie.
The hornet zombie is lightly damaged.
Casting: Magic Dart (safe; 7% risk of failure)
Confirm with . or Enter, or press ? or * to list all spells.
Aiming: Magic Dart (safe; 7% risk of failure)
Press: ? - help, Shift-Dir - straight line, f/p - hornet zombie
Aim: a hornet zombie (lightly damaged, 0% to evade)
The magic dart hits the hornet zombie.
The hornet zombie is lightly damaged.
The hornet zombie hits you.
Casting: Magic Dart (safe; 7% risk of failure)
Confirm with . or Enter, or press ? or * to list all spells.
Aiming: Magic Dart (safe; 7% risk of failure)
Press: ? - help, Shift-Dir - straight line, f/p - hornet zombie
Aim: a hornet zombie (lightly damaged, 0% to evade)
The magic dart hits the hornet zombie.
The hornet zombie is lightly damaged.
The hornet zombie closely misses you.
Casting: Magic Dart (safe; 7% risk of failure)
Confirm with . or Enter, or press ? or * to list all spells.
Aiming: Magic Dart (safe; 7% risk of failure)
Press: ? - help, Shift-Dir - straight line, f/p - hornet zombie
Aim: a hornet zombie (lightly damaged, 0% to evade)
The magic dart hits the hornet zombie.
The hornet zombie is moderately damaged.
The hornet zombie completely misses you.
Casting: Magic Dart (safe; 7% risk of failure)
Confirm with . or Enter, or press ? or * to list all spells.
Aiming: Magic Dart (safe; 7% risk of failure)
Press: ? - help, Shift-Dir - straight line, f/p - hornet zombie
Aim: a hornet zombie (moderately damaged, 0% to evade)
The magic dart hits the hornet zombie.
The hornet zombie is moderately damaged.
The hornet zombie hits you! x2
Ouch! That really hurt!
You die...

#.# #.#
...# #.#
#... #.#
...#
#.##..)#
#.#...#
#.#...#
#.#Z..#
#.@..#
######


You could see a hornet zombie.

Vanquished Creatures
  A gnoll (D:1)
  2 adders (D:2)
  A dart slug (D:1)
  A bat (D:2)
  5 endoplasms
  4 giant cockroaches
  2 hobgoblins
  3 quokkas (D:1)
  2 ball pythons (D:1)
  A frilled lizard (D:1)
  4 goblins
  3 kobolds
  4 rats
33 creatures vanquished.

Notes
Turn   | Place    | Note
-------+----------+-------------------------------------------
     0 | D:1      | Chiseanne the Demonspawn Hedge Wizard began the quest for
                  | the Orb.
     0 | D:1      | Reached XP level 1. HP: 13/13 MP: 4/4
    99 | D:1      | Gained mutation: You may rarely emit foul miasma when
                  | damaged in melee. [demonic ancestry]
    99 | D:1      | Reached XP level 2. HP: 13/19 MP: 1/6
   491 | D:1      | Found a faded altar of an unknown god.
   951 | D:1      | Reached XP level 3. HP: 24/24 MP: 1/8
  1354 | D:1      | Learned a level 2 spell: Blink
  1358 | D:1      | Learned a level 3 spell: Mephitic Cloud
  1766 | D:2      | Reached skill level 1 in Air Magic
  1766 | D:2      | Reached skill level 1 in Poison Magic
  1833 | D:2      | Slain by a hornet zombie

Illustrated notes

Levels and vault maps discovered:
D:1:      amcnicky_arrival_blooded_trapdoor, layout_basic,
          chequers_ecumenical_altar_simple, chequers_serial_rivers_small_b
D:2:      layout_basic, serial_curves, eino_curves_01, eino_curves_01

Skill      XL: |  1  2  3 |
---------------+----------+-----
Conjurations   | 2 |  2.3
Air Magic      | 1 |  1.1
Poison Magic   | 1 |  1.2
Dodging        | |  1.7
Stealth        | |  1.7
Spellcasting   | |  3.5
Summonings     | |  1.0
Translocations | |  0.8

Action                   || total
-------------------------++-------
Melee: Dagger            ||    35
       Demon trident     ||     7
 Cast: Magic Dart        ||    79
  Use: Scroll            ||     3
 Stab: Sleeping          ||     1
Armor: Robe              ||     4
Dodge: Dodged            ||    33

Table legend: (Time is in decaauts)
 A = Elapsed time spent in this place.
 B = Non-inter-level travel time spent in this place.
 C = Inter-level travel time spent in this place.
 D = Time resting spent in this place.
 E = Time spent auto-exploring this place.
 F = Levels seen in this place.
 G = Mean time per level.
                   A        B        C        D        E       F      G
               +--------+--------+--------+--------+--------+-----+--------+
         Total |   1836 |   1807 |     29 |    568 |    975 |   2 |  918.0 |
       Dungeon |   1836 |   1807 |     29 |    568 |    975 |   2 |  918.0 |
               +--------+--------+--------+--------+--------+-----+--------+

Top non-repeatable levels by time:
     D:1: 1391 daAuts
     D:2: 445 daAuts
